 Dungeon Crawl Stone Soup version 0.18.1-6-gd335043 (webtiles) character file.

30 stauk the Firebug (level 3, 19/19 HPs)
             Began as a Gargoyle Fire Elementalist on May 19, 2016.
             Quit the game on level 1 of the Dungeon on May 20, 2016.
             The game lasted 00:12:47 (1302 turns).

stauk the Firebug (Gargoyle Fire Elementalist)      Turns: 1302, Time: 00:12:48

Health: 19/19      AC:  5    Str: 11    XL:     3   Next: 20%
Magic:  7/7        EV: 12    Int: 16    God:
Gold:   74         SH:  0    Dex: 10    Spells: 1 memorised, 6 levels left

rFire  . . .     SeeInvis .     j - +0 dagger
rCold  . . .     Gourm    .     a - +0 robe
rNeg   + . .     Faith    .     (no shield)
rPois  ∞         Spirit   .     (no helmet)
rElec  +         Dismiss  .     (no cloak)
rCorr  .         Reflect  .     (no gloves)
SustAt .         Harm     .     (no boots)
MR     .....                    (no amulet)
Stlth  ++........               (no ring)
                                (no ring)

@: not resistant to hostile enchantments, unstealthy
A: negative energy resistance 1, electricity resistance, unbreathing,
petrification resistance, rot immunity, AC +3
a: no special abilities


You were on level 1 of the Dungeon.
You were hungry.

You visited 1 branch of the dungeon, and saw 1 of its levels.

You collected 74 gold pieces.

Inventory:

Hand Weapons
 j - a +0 dagger (weapon)
 k - a +0 short sword
 r - a +0 spear
 s - a +0 hunting sling
 t - a +0 hunting sling
Missiles
 m - 13 stones (quivered)
 n - 9 poisoned needles
Armour
 a - a +0 robe (worn)
 i - a +0 chain mail
 l - a +0 buckler
 q - a +0 leather armour
 u - a pearl dragon hide
Scrolls
 f - 2 scrolls of identify
Potions
 p - a potion of curing
Books
 b - a book of Flames

   Spells                             Type                      Level
   a - Flame Tongue                   Conjuration/Fire             1
   b - Throw Flame                    Conjuration/Fire             2
   c - Conjure Flame                  Conjuration/Fire             3
   d - Inner Flame                    Hexes/Fire                   3
   e - Sticky Flame                   Conjuration/Fire             4
   f - Fireball                       Conjuration/Fire             5
Comestibles
 c - a bread ration
 o - a slice of pizza


   Skills:
 - Level 1.5 Dodging
 - Level 2.1 Stealth
 + Level 2.7 Spellcasting
 + Level 2.4 Conjurations
 - Level 3.0 Fire Magic


You had 6 spell levels left.
You knew the following spells:

 Your Spells              Type           Power        Failure   Level  Hunger
a - Flame Tongue          Conj/Fire      ##...        10%         1    #......


Dungeon Overview and Level Annotations

Branches:
Dungeon (1/15)

Altars:


Innate Abilities, Weirdness & Mutations

You are resistant to torment.
Your stone body is resilient (AC +3).
You are immune to poison.
You resist negative energy.
You are resistant to electric shocks.
You can survive without breathing.
You are immune to petrification.
You are immune to rotting.


Message History

There is a stone staircase leading down here.
You see here a short sword.
Done exploring.
You enter the shallow water.
Moving in this stuff is going to be slow.
You enter the shallow water.
Moving in this stuff is going to be slow.
You see here a club.
You see here a club.
There is a stone staircase leading down here.
It was a potion of curing.
You feel better.
Saving game... please wait.
Welcome back, stauk the Gargoyle Fire Elementalist.
Press ? for a list of commands and other information.
You enter the shallow water.
Moving in this stuff is going to be slow.
Unknown command.
Unknown command.
Unknown command.
Are you sure you want to abandon this character and quit the game? (Confirm with "yes".)

.........................#.#
####.#####.#...#####..##.#.#
####.# #.#.#.# #..##.#.######
.....# #.#...# ##.##.#.##....
...)######.##### #..#.#.##.###
...........# ##.#.#.##.#..
....######## #...#.##.#.#
..##.......############..#.##.#.#
..##.#...#.#....@........#.##.#.#
..##.#.....#.............#.##.#.#
..##...#######.#######........#.#
..##.....####...####.......#....#
.....#.....#..≈..#.....#...#..###
..####8..≈....≈....≈..8#.......#
..#####...≈..≈≈≈..≈...##..##.#.##
.....#.....≈≈≈≈≈≈≈.....#.........
..##.....≈≈≈≈...≈≈≈≈.....###.#.##


There were no monsters in sight!

Vanquished Creatures
  An ooze (D:1)
  3 giant cockroaches (D:1)
  2 hobgoblins (D:1)
  4 bats (D:1)
  2 giant newts (D:1)
  2 goblins (D:1)
  8 kobolds (D:1)
  4 rats (D:1)
26 creatures vanquished.

Notes
Turn   | Place    | Note
--------------------------------------------------------------
     0 | D:1      | stauk the Gargoyle Fire Elementalist began the quest for the Orb.
     0 | D:1      | Reached XP level 1. HP: 10/10 MP: 3/3
   286 | D:1      | Reached XP level 2. HP: 15/15 MP: 3/5
   969 | D:1      | Reached XP level 3. HP: 15/19 MP: 1/6
  1302 | D:1      | Quit the game

Skill      XL: |  1  2 |
---------------+-------+-----
Conjurations   | 2 |  2.4
Dodging        | |  1.5
Stealth        | |  2.1
Spellcasting   | |  2.7
Fire Magic     | |  3.0

Action                   || total
-------------------------++-------
Melee: Dagger            ||    37
       Unarmed           ||     2
Throw: Stone             ||     1
 Cast: Flame Tongue      ||    44
  Use: Scroll            ||     5
       Potion            ||     1
  Eat: Chunk             ||     1
Armor: Robe              ||    45
Dodge: Dodged            ||    67
